 Dungeon Crawl Stone Soup version 0.31-a0-986-g5e6e4ef867 (webtiles) character file.

Game seed: 6545409590900802816

217 Jeffwins the Changeling (level 5, -1/28 HPs)
             Began as a Draconian Shapeshifter on Nov 24, 2023.
             Slain by an iguana (4 damage)
             ... on level 4 of the Dungeon.
             The game lasted 00:02:58 (2696 turns).

Jeffwins the Changeling (Draconian Shapeshifter)    Turns: 2696, Time: 00:02:58

Health: -1/28      AC:  5    Str: 16    XL:     5   Next: 62%
Magic:  7/7        EV: 12    Int: 12    God:
Gold:   187        SH:  0    Dex: 11    Spells: 7/7 levels left

rFire   . .          .
                       - Unarmed
rCold   . . .        (shield currently unavailable)
rNeg    . . .        (body armour unavailable)
rPois   .            (helmet restricted)
rElec   .            (no cloak)
rCorr   .            (no gloves)
SInv    .            (no boots)
Will    .....        (no amulet)
Stlth   +            (no ring)
HPRegen 0.24/turn    (no ring)
MPRegen 0.10/turn

%: no passive effects
@: flux-form, glowing
A: glow, contaminating, reduced hp, AC +5, unfitting armour, cold-blooded
a: Begin Untransformation


You were on level 4 of the Dungeon.
You were something dangerously unstable.
You visited 1 branch of the dungeon, and saw 4 of its levels.

You collected 187 gold pieces.


Innate Abilities, Weirdness & Mutations

You are something dangerously unstable.
You glow with magical radiation, making you easy to see and hit.
Foes you strike become dangerously contaminated with magical radiation.
Your maximum health is decreased, since you lack skill for your form.
You are incapable of wielding weapons or throwing items.
Your plain brown scales are hard. (AC +5)
You cannot fit into any form of body armour.
You are cold-blooded and may be slowed by cold attacks.


   Skills:
 - Level 1.1 Fighting
 - Level 1.7 Dodging
 + Level 3.8 Unarmed Combat
 + Level 1.6 Spellcasting
 * Level 2.6 Ice Magic
 + Level 1.1 Evocations
 * Level 4.2 Shapeshifting


You had 7 spell levels left.
You didn't know any spells.
Your spell library contained the following spells:

 Spells                   Type           Power      Damage    Failure   Level
 Ozocubu's Armour         Ice            7%         N/A       28%         3
 Blink                    Tloc           0%         N/A       41%         2
 Lesser Beckoning         Tloc           0%         N/A       41%         2
 Momentum Strike          Conj/Tloc      0%         3d8       41%         2
 Ozocubu's Refrigeration  Ice            3%         4d8       100%        7

Inventory:

Armour
 k - a +0 buckler
Jewellery
 g - an amulet of regeneration
Talismans
 b - a beast talisman
 c - a flux talisman (active)
Wands
 m - a wand of iceblast (14)
Scrolls
 d - a scroll of blinking {unknown}
 f - 5 scrolls of identify {unknown}
 i - a scroll of poison {unknown}
 j - 2 scrolls of teleportation {unknown}
 l - a scroll of revelation {unknown}
Potions
 a - a potion of lignification {!q}
 e - 2 potions of enlightenment {unknown}
 h - a potion of magic {unknown}
 n - a potion of might {unknown}
 o - a potion of heal wounds {unknown}

Dungeon Overview and Level Annotations

Branches:
Dungeon (4/15)
 Temple: D:4-7

Altars:

......$..#.#
...........#
...........#
...........#
...........#
...........#
...........#
.......<..†##
........##.p#
[.....###...l...#
....##
#..####..... .##
..## ###. ###


You could see an iguana (contam, misshapen).


Message History

The iguana barely misses you.
You hit the iguana but do no damage.
The iguana begins to glow.
The iguana closely misses you.
An iguana is nearby!
An iguana is nearby!
You hit the iguana but do no damage.
The iguana glows dangerously bright.
The iguana bites you.
You hit the iguana.
The iguana shudders as magic cascades through it.
The iguana twists and deforms.
The iguana is lightly wounded.
The iguana bites you.
* * * LOW HITPOINT WARNING * * *
You are too injured to fight recklessly!
You are too injured to fight recklessly!
Unknown command.
You closely miss the iguana.
The iguana is lightly wounded.
The iguana bites you.
* * * LOW HITPOINT WARNING * * *
Unknown command.
You hit the iguana.
The iguana begins to glow.
The iguana is moderately wounded.
The iguana bites you!
* * * LOW HITPOINT WARNING * * *
Unknown command.
You barely miss the iguana.
The iguana is moderately wounded.
The iguana bites you.
You die...

Skill      XL: |  1  2  3  4  5 |
---------------+----------------+-----
Ice Magic      | 1 2 |  2.6
Spellcasting   | 1 |  1.6
Shapeshifting  | 4 |  4.2
Evocations     | 1 |  1.1
Fighting       | |  1.1
Dodging        | |  1.7
Unarmed Combat | |  3.8

Action                     |  1- 3 |  4- 6 || total
---------------------------+-------+-------++-------
  Melee: Unarmed           |    89 |   145 ||   234
         Tailslap          |    12 |    28 ||    40
         Punch             |     2 |     3 ||     5
   Stab: Sleeping          |     1 |       ||     1
 Armour: Skin              |    44 |    34 ||    78
  Dodge: Dodged            |    50 |    33 ||    83
   Form: Flux              |       |     1 ||     1

Levels and vault maps discovered:
D:1:      dpeg_arrival_prison, layout_basic
D:2:      layout_basic, serial_forest, infiniplex_forest_corner_2,
          infiniplex_forest_zigzag_1, infiniplex_forest_clump_small,
          infiniplex_forest_lined_corner, infiniplex_forest_clump_double,
          infiniplex_forest_fountain, infiniplex_forest_lined_3,
          infiniplex_forest_end_2, st_stairs_8, minmay_misc_feat_encased,
          uniq_jessica
D:3:      layout_basic, uniq_natasha
D:4:      layout_cave_pods, grunt_temple_overflow_open, minmay_ruined_shrine

Notes
Turn   | Place    | Note
-------+----------+-------------------------------------------
     0 | D:1      | Jeffwins the Draconian Shapeshifter began the quest for the
                  | Orb.
     0 | D:1      | Reached XP level 1. HP: 16/16 MP: 1/1
   191 | D:1      | Reached XP level 2. HP: 23/23 MP: 2/2
   990 | D:2      | Reached skill level 1 in Ice Magic
   990 | D:2      | Reached XP level 3. HP: 7/28 MP: 3/3
   995 | D:2      | HP: 2/28 [poisoned by an adder]
  1287 | D:2      | Noticed Jessica
  1308 | D:2      | Killed Jessica
  1309 | D:2      | Reached skill level 1 in Spellcasting
  1309 | D:2      | Reached XP level 4. HP: 31/35 MP: 5/5
  1771 | D:3      | Reached skill level 2 in Ice Magic
  2109 | D:3      | Noticed Natasha
  2120 | D:3      | Killed Natasha
  2121 | D:3      | Reached skill level 4 in Shapeshifting
  2121 | D:3      | Reached XP level 5. HP: 22/40 MP: 5/7
  2479 | D:3      | Noticed Natasha
  2485 | D:3      | Killed Natasha
  2486 | D:3      | Reached skill level 1 in Evocations
  2645 | D:3      | Noticed Natasha
  2653 | D:3      | Killed Natasha
  2682 | D:4      | Identified the "Hedur"
  2696 | D:4      | Slain by an iguana

Vanquished Creatures
  An orc priest (D:3)
  Jessica (D:2)
  Natasha (thrice) (D:3)
  3 adders
  4 worms
  4 orcs (D:3)
  4 ball pythons
  5 bats
  5 endoplasms
  2 giant cockroaches (D:1)
  3 goblins
  2 hobgoblins
  4 quokkas
  A frilled lizard (D:1)
  5 kobolds (D:2)
  5 rats
52 creatures vanquished.

Table legend: (Time is in decaauts)
 A = Elapsed time spent in this place.
 B = Non-inter-level travel time spent in this place.
 C = Inter-level travel time spent in this place.
 D = Time resting spent in this place.
 E = Time spent auto-exploring this place.
 F = Levels seen in this place.
 G = Mean time per level.
                   A        B        C        D        E       F      G
               +--------+--------+--------+--------+--------+-----+--------+
         Total |   2699 |   2544 |    155 |      6 |   2064 |   4 |  674.8 |
       Dungeon |   2699 |   2544 |    155 |      6 |   2064 |   4 |  674.8 |
               +--------+--------+--------+--------+--------+-----+--------+

Top non-repeatable levels by time:
     D:3: 1015 daAuts
     D:2: 902 daAuts
     D:1: 768 daAuts
     D:4: 13 daAuts

Table legend:
 A = Non-vault XP
 B = Vault XP
 C = Vault XP percentage of total XP
 D = Non-vault monster count
 E = Vault monster count
 F = Vault count percentage of total count
                 A         B        C        D         E       F
            +---------+---------+-------+---------+---------+-------
      Total |     220 |      91 |  29.3 |      44 |       8 |  15.4
            +---------+---------+-------+---------+---------+-------
        D:1 |      13 |       6 |  31.6 |       7 |       5 |  41.7
        D:2 |      53 |      50 |  48.5 |      20 |       2 |   9.1
        D:3 |     149 |      35 |  19.0 |      16 |       1 |   5.9
        D:4 |       5 |       0 |   0.0 |       1 |       0 |   0.0
            +---------+---------+-------+---------+---------+-------
